 Dungeon Crawl Stone Soup version 0.25.1-2-g60ff931df9 (webtiles) character file.

Game seed: 10664346909455444289

195218 Curus the Warrior (level 18, -1/264 HPs)
             Began as a Hill Orc Fighter on Sept 1, 2020.
             Was the Champion of Beogh.
             Slain by a seven-headed hydra simulacrum (5 damage)
             ... on level 4 of the Swamp on Sept 2, 2020.
             The game lasted 04:13:08 (32011 turns).

Curus the Warrior (Hill Orc Fighter)               Turns: 32011, Time: 04:13:09

Health: -1/264     AC: 36    Str: 25    XL:     18   Next: 78%
Magic:  25/25      EV:  8    Int: 10    God:    Beogh [******]
Gold:   75         SH: 19    Dex: 33    Spells: 17/17 levels left

rFire    + . .     SeeInvis +   R - +5 demon trident (elec)
rCold    + + .     Gourm    .   J - +3 kite shield {rC+ rF+}
rNeg     . . .     Faith    .   H - +7 plate armour of Kindness {Dex+2}
rPois    +         Spirit   .   A - +1 helmet {SInv}
rElec    +         Reflect  .   L - scarf {repulsion}
rCorr    .         Harm     .   F - +1 pair of gloves {Dex+3}
MR       +....     Clarity  +   r - +2 pair of boots of Becka {Dex+3}
Stlth    ..........             O - amulet of regeneration
HPRegen  0.94/turn              v - +4 ring of slaying
MPRegen  0.19/turn              D - ring "Ene Wil" {rElec rC+ Str+4 Dex+9 Stlth-}

@: berserking, repel missiles, very quick
A: walk on water, hooves 1, yellow scales 1, clarity, clever 1, poison
resistance, evolution 1
a: Smiting, Recall Orcish Followers, Give Item to Named Follower, Resurrection,
Renounce Religion


You were on level 4 of the Swamp.
You worshipped Beogh.
Beogh was exalted by your worship.
You were not hungry.

You visited 5 branches of the dungeon, and saw 30 of its levels.
You visited the Abyss 1 time.
You also visited: Trove and Ice Cave.

You collected 3366 gold pieces.
You spent 3291 gold pieces at shops.

Inventory:

Hand Weapons
 R - a +5 demon trident of electrocution (weapon)
Armour
 r - the +2 pair of boots of Becka (worn) {Dex+3}
   (You bought it in a shop on level 15 of the Dungeon)

   It affects your dexterity (+3).
 A - a +1 helmet of see invisible (worn)
 F - a +1 pair of gloves of dexterity (worn)
 H - the +7 plate armour of Kindness (worn) {Dex+2}
   (You found it on level 10 of the Dungeon)

   It affects your dexterity (+2).
 J - a +3 kite shield of resistance (worn)
 L - a scarf of repulsion (worn)
 W - the +6 ring mail of Oggedgh Rois {rN+++ Str-2}
   (You found it on level 3 of the Snake Pit)

   It affects your strength (-2).
   It renders you almost immune to negative energy.
 X - a +1 kite shield of protection
Jewellery
 c - an uncursed ring of positive energy
 e - a +6 ring of dexterity
 g - an uncursed amulet of guardian spirit
 m - an uncursed ring of protection from fire
 q - a +4 ring of evasion
 v - a +4 ring of slaying (left hand)
 B - a cursed -4 ring of dexterity
 D - the ring "Ene Wil" (right hand) {rElec rC+ Str+4 Dex+9 Stlth-}
   (You bought it in a shop on level 2 of the Orcish Mines)

   [ring of protection from cold]

   It affects your strength (+4).
   It affects your dexterity (+9).
   It protects you from cold.
   It insulates you from electricity.
   It makes you less stealthy.
 M - an uncursed ring of protection from cold
 N - an uncursed ring of resist corrosion
 O - an amulet of regeneration (around neck)
 P - an uncursed ring of see invisible
 Z - the ring "Xuwk" {Ice +Inv rElec Str-3 Slay+2}
   (You found it on level 3 of the Snake Pit)

   [ring of ice]

   It enhances your ice magic.
   It affects your strength (-3).
   It affects your accuracy and damage with ranged weapons and melee attacks
   (+2).
   It makes you vulnerable to fire.
   It protects you from cold.
   It insulates you from electricity.
   It lets you turn invisible.
Wands
 n - a wand of polymorph (26)
 t - a wand of iceblast (46)
 u - a wand of digging (11)
 Q - a wand of paralysis (13)
 T - a wand of acid (11)
 V - a wand of disintegration (15)
Scrolls
 i - 11 scrolls of remove curse
 k - 19 scrolls of identify
 l - 4 scrolls of teleportation
 o - a scroll of brand weapon
 x - a scroll of holy word
 y - 6 scrolls of fog
 C - 7 scrolls of magic mapping
 I - 4 scrolls of fear
 K - 2 scrolls of blinking
 Y - a scroll of vulnerability
Potions
 b - 4 potions of resistance
 d - 7 potions of might
 h - 13 potions of curing
 j - 3 potions of haste
 p - 6 potions of stabbing
 s - 6 potions of brilliance
 w - 2 potions of flight
 z - 3 potions of heal wounds
 E - 3 potions of cancellation
 G - 2 potions of berserk rage
Comestibles
 f - 35 rations


   Skills:
 + Level 19.3 Fighting
 - Level 14.4 Polearms
 + Level 18.0 Armour
 - Level 14.5 Shields
 - Level 10.0 Evocations


You had 17 spell levels left.
You didn't know any spells.
Your spell library contained the following spells:

 Spells                   Type           Power        Failure   Level  Hunger
 Animate Skeleton         Necr           N/A          94%         1    ##.....
 Apportation              Tloc           #.....       94%         1    ##.....
 Beastly Appendage        Tmut           #.....       94%         1    ##.....
 Corona                   Hex            #......      94%         1    ##.....
 Foxfire                  Conj/Fire      #...         94%         1    ##.....
 Freeze                   Ice            #...         94%         1    ##.....
 Infusion                 Chrm           #...         94%         1    ##.....
 Magic Dart               Conj           #...         94%         1    ##.....
 Sandblast                Erth           #.....       94%         1    ##.....
 Shock                    Conj/Air       #...         94%         1    ##.....
 Sting                    Tmut/Pois      #...         94%         1    ##.....
 Summon Butterflies       Summ           #.......     94%         1    ##.....
 Summon Small Mammal      Summ           #...         94%         1    ##.....
 Call Imp                 Summ           #.......     98%         2    ###....
 Passwall                 Tmut/Erth      #.......     98%         2    ###....
 Poisonous Vapours        Pois/Air       #.....       98%         2    ###....
 Searing Ray              Conj           #.....       98%         2    ###....
 Shroud of Golubria       Chrm/Tloc      #.....       98%         2    ###....
 Slow                     Hex            #.......     98%         2    ###....
 Song of Slaying          Chrm           #.......     98%         2    ###....
 Sticks to Snakes         Tmut           #.......     98%         2    ###....
 Call Canine Familiar     Summ           #.......     100%        3    ####...
 Conjure Flame            Conj/Fire      #.......     100%        3    ####...
 Frozen Ramparts          Ice            #.....       100%        3    ####...
 Ignite Poison            Fire/Tmut/Pois #.......     100%        3    ####...
 Inner Flame              Hex/Fire       #.......     100%        3    ####...
 Lesser Beckoning         Tloc           #.........   100%        3    ####...
 Mephitic Cloud           Conj/Pois/Air  #.......     100%        3    ####...
 Ozocubu's Armour         Chrm/Ice       #.......     100%        3    ####...
 Portal Projectile        Hex/Tloc       #.....       100%        3    ####...
 Spectral Weapon          Hex/Chrm       #.......     100%        3    ####...
 Spider Form              Tmut/Pois      #.........   100%        3    ####...
 Stone Arrow              Conj/Erth      #.....       100%        3    ####...
 Summon Guardian Golem    Hex/Summ       #.......     100%        3    ####...
 Tukima's Dance           Hex            #.......     100%        3    ####...
 Cause Fear               Hex            #.........   100%        4    #####..
 Fulminant Prism          Conj/Hex       #.........   100%        4    #####..
 Hailstorm                Conj/Ice       #.......     100%        4    #####..
 Ice Form                 Ice/Tmut       #.......     100%        4    #####..
 Leda's Liquefaction      Hex/Erth       #.........   100%        4    #####..
 Olgreb's Toxic Radiance  Pois           #.......     100%        4    #####..
 Petrify                  Tmut/Erth      #.......     100%        4    #####..
 Sticky Flame             Conj/Fire      #.......     100%        4    #####..
 Summon Ice Beast         Ice/Summ       #.......     100%        4    #####..
 Summon Lightning Spire   Summ/Air       #.......     100%        4    #####..
 Alistair's Intoxication  Tmut/Pois      #.......     100%        5    ######.
 Blade Hands              Tmut           #.........   100%        5    ######.
 Fireball                 Conj/Fire      #.........   100%        5    ######.
 Iskenderun's Battlesphe  Conj/Chrm      #.......     100%        5    ######.
 Lee's Rapid Deconstruct  Erth           #.........   100%        5    ######.
 Lightning Bolt           Conj/Air       #.........   100%        5    ######.
 Metabolic Englaciation   Hex/Ice        #.........   100%        5    ######.
 Freezing Cloud           Conj/Ice/Air   #.........   100%        6    #######
 Invisibility             Hex            #.......     100%        6    #######
 Ozocubu's Refrigeration  Ice            #.........   100%        6    #######
 Simulacrum               Ice/Necr       #.........   100%        6    #######
 Fire Storm               Conj/Fire      #.........   100%        9    #######


Dungeon Overview and Level Annotations

Branches:
Dungeon (15/15)            Temple (0/1) D:5            Lair (6/6) D:10
  Swamp (4/4) Lair:2        Snake (3/4) Lair:3        Slime (0/5) Lair:5
    Orc (2/2) D:9             Elf (0/3) Orc:2        Vaults (0/5) D:13
 Depths (0/5) D:15          IceCv (visited)

Altars:
Cheibriados
Fedhas
Gozag
Kikubaaqudgha
Makhleb
Uskayaw
The Shining One

Shops:
D:4 %   D:6 [   D:12 [   D:15 [   Orc:1 *   Orc:2 *[=(   Snake:1 (}==
Snake:2 (


Innate Abilities, Weirdness & Mutations

You can walk on water.
You have large cloven feet.
You are partially covered in yellow scales. (AC +2)
You possess an exceptional clarity of mind.
Your mind is acute. (Int +2)
Your system is resistant to poisons. (rPois)
You evolve.


Message History

You block the seven-headed hydra zombie's attack.
The seven-headed hydra zombie bites you.
* * * LOW HITPOINT WARNING * * *
The seven-headed hydra zombie bites you but does no damage. x3
The seven-headed hydra zombie barely misses you.
You block the seven-headed hydra zombie's attack.
Wardok shoots a bolt.
The bolt hits the seven-headed hydra zombie!!
You hit the vampire knight but do no damage.
The vampire knight is heavily damaged.
You block the seven-headed hydra simulacrum's attack.
The seven-headed hydra simulacrum bites you.
* * * LOW HITPOINT WARNING * * *
The seven-headed hydra simulacrum freezes you!
You resist.
* * * LOW HITPOINT WARNING * * *
You block the seven-headed hydra simulacrum's attack.
The seven-headed hydra simulacrum bites you but does no damage. x3
The seven-headed hydra simulacrum bites you.
You die...

♣ ♣♣♣.♣♣♣ ♣♣ ♣♣. ♣♣.
...♣♣ ♣♣♣.. ♣.≈.♣.≈
...♣♣♣§..§≈
♣♣.%..≈♣♣♣)..♣≈...≈≈≈
♣.≈...♣≈♣(≈≈≈≈≈≈≈≈≈≈≈§
.....W§(()≈≈≈.§≈≈≈≈≈≈≈
♣≈♣#...♣♣#≈≈≈.(≈≈≈≈≈≈≈
##≈○ ♣#ZZo.≈≈.≈≈≈§
♣Zk.
#@†≈≈≈≈§≈≈.≈.≈≈≈.♣
#W§♣.
#♣V§≈≈≈≈≈≈.≈♣≈≈≈≈≈
#≈$♣Dk
♣♣.≈≈≈♣♣♣♣).≈≈≈≈. ♣..
≈♣ #♣))≈≈♣♣..≈≈...≈ ..
≈ ##..≈♣§......♣♣
##=(♣♣≈≈≈.≈.≈♣
##≈≈≈≈†≈≈.≈≈.
##≈.o.≈≈≈.≈≈
##♣oo≈≈≈≈≈≈


You could see a vampire knight (fast, invisible), a seven-headed hydra
simulacrum, a seven-headed hydra zombie and the friendly Wardok the orc knight
(strong).

Vanquished Creatures
  2 tentacled starspawn (Abyss:2)
  A thorn hunter (Swamp:4)
  Roxanne (Snake:1)
  2 nagarajas (Snake:3)
  A fire giant (D:15)
  An ironheart preserver (D:13)
  A vampire knight (Swamp:4)
  Snorg (D:13)
  The ghost of Baduid the Grappler, a journeyman TrMo (D:11)
  A great orb of eyes (Abyss:2)
  7 hydras
  Erolcha (D:11)
  2 ice dragons
  Harold (D:7)
  Fannar (D:10)
  6 naga warriors
  A catoblepas (Lair:3)
  5 anacondas
  A shambling mangrove (Swamp:4)
  3 centaur warriors
  7 alligators
  2 two-headed ogres
  A tengu warrior (D:13)
  An orc high priest (Orc:2)
  2 naga sharpshooters
  The ghost of Elvor the Basher, a novice MiFi of Okawaru (D:8)
  3 shock serpents
  3 skeletal warriors (D:14)
  A spriggan druid (Swamp:4)
  An unseen horror (D:14)
  3 swamp dragons
  Pikel (D:9)
  A lindwurm (Lair:6)
  3 flayed ghosts
  5 naga ritualists
  A necromancer (IceCv)
  7 ugly things
  A deep elf mage (D:15)
  2 oklob plants (Lair:3)
  A salamander (shapeshifter) (D:15)
  An orc sorcerer (Orc:2)
  A manticore (D:13)
  5 mana vipers
  5 salamanders
  5 elephants (Lair:6)
  15 black mambas
  An ice statue (IceCv)
  2 smoke demons (Abyss:2)
  4 torpor snails (Lair:6)
  A rust devil (Abyss:2)
  18 naga magi
  2 orange demons (Abyss:2)
  A rime drake (Lair:3)
  5 guardian serpents
  A kobold demonologist (D:14)
  3 komodo dragons
  19 spiny frogs
  2 hellwings (Abyss:2)
  11 freezing wraiths
  A tengu conjurer (D:15)
  5 trolls
  9 polar bears
  3 wolf spider simulacra (IceCv)
  Prince Ribbit (D:7)
  8 bog bodies
  6 tyrant leeches
  11 blink frogs
  A fire dragon zombie (Abyss:2)
  13 hornets
  2 slime creatures
  11 dream sheep
  6 hippogriffs
  A shadow (D:13)
  2 large abominations (Abyss:2)
  4 centaur simulacra
  2 flying skulls (Abyss:2)
  36 yaks
  4 spriggans
  2 vampires
  5 wyverns
  3 wraiths
  3 basilisks
  4 humans (D:6)
  3 hungry ghosts
  12 vampire mosquitoes
  A spatial vortex (Abyss:2)
  15 insubstantial wisps
  30 nagas
  3 wargs
  A hydra simulacrum (Swamp:4)
  A soldier ant (D:13)
  An acid dragon (D:12)
  10 water moccasins
  9 swamp worms
  A porcupine (Lair:3)
  12 hell hounds (Lair:6)
  Duvessa (D:7)
  A slave (D:9)
  7 swamp drakes
  7 black bears (Lair:6)
  8 orc warriors
  2 eyes of draining
  5 sky beasts
  10 ice beasts
  2 phantoms
  3 boggarts (D:15)
  10 centaurs
  11 ogres
  A necrophage (D:14)
  22 wolves
  A swamp dragon skeleton (Swamp:4)
  6 big kobolds
  5 crocodiles
  5 small abominations (Abyss:2)
  11 bullfrogs
  A gnoll sergeant (D:9)
  Dowan (D:7)
  A wyvern skeleton (D:13)
  7 scorpions
  8 killer bees (D:8)
  5 wights
  3 electric eels
  A howler monkey (D:4)
  3 crimson imps
  3 centaur zombies
  4 bullfrog zombies
  4 draconian simulacra (IceCv)
  3 quasits
  5 hounds
  14 jellies
  3 iguanas
  5 orc priests
  2 bullfrog skeletons
  5 centaur skeletons
  An iron imp (Abyss:2)
  Terence (D:2)
  6 orc wizards
  2 troll simulacra (IceCv)
  10 worker ants
  A wolf simulacrum (IceCv)
  A killer bee zombie (D:6)
  3 spriggan simulacra (IceCv)
  A hound zombie (D:7)
  A hound skeleton (D:7)
  6 gnolls
  A worker ant zombie (D:10)
  A howler monkey skeleton (D:6)
  13 adders
  5 naga simulacra (IceCv)
  3 ogre simulacra (IceCv)
  A shadow imp (D:5)
  15 white imps
  2 ufetubi
  9 oozes
  An adder skeleton (D:10)
  An adder zombie (D:5)
  2 dart slugs
  5 leopard geckos
  21 orcs
  6 bats
  3 giant cockroaches
  9 goblins
  12 hobgoblins
  14 jackals
  5 quokkas
  4 frilled lizards
  A giant cockroach zombie (D:6)
  29 kobolds
  7 rats
  A plant (Lair:3)
  2 starspawn tentacles (Abyss:2)
833 creatures vanquished.

Vanquished Creatures (collateral kills)
  A stone giant (Orc:1)
  Nessos (D:13)
  The ghost of Delamore the Basher, a journeyman GrFi of Okawaru (Orc:1)
  2 naga warriors
  2 anacondas (Snake:1)
  4 hydras
  A centaur warrior (D:15)
  An alligator (Swamp:1)
  4 shambling mangroves
  A tengu warrior (D:15)
  An orc high priest (Orc:2)
  3 shock serpents
  An unseen horror (shapeshifter) (D:14)
  A flayed ghost (Swamp:4)
  2 spriggan druids
  3 swamp dragons
  An obsidian statue (Orc:1)
  A wolf spider zombie (D:15)
  A manticore (D:13)
  2 orc knights (Orc:2)
  An ugly thing (D:13)
  2 orc sorcerers (Orc:2)
  2 salamanders
  4 cyclopes
  A centaur zombie (D:15)
  7 elephants (Lair:6)
  2 naga magi
  15 black mambas
  A guardian serpent (Snake:3)
  A spiny frog (Lair:6)
  2 gargoyles
  A smoke demon (Abyss:2)
  2 torpor snails (Lair:6)
  2 komodo dragons
  3 freezing wraiths
  A troll (D:9)
  8 polar bears
  6 hornets
  2 blink frogs
  A wolf spider simulacrum (D:15)
  2 raiju (Lair:6)
  4 tyrant leeches
  2 slime creatures (Swamp:3)
  A bog body (Swamp:1)
  2 dream sheep
  A shadow (Swamp:2)
  A flying skull (Abyss:2)
  A centaur simulacrum (D:15)
  5 yaks
  A wraith (D:13)
  A hungry ghost (D:11)
  9 vampire mosquitoes
  7 swamp worms
  3 insubstantial wisps
  6 wargs
  12 nagas
  A hell hound (Lair:6)
  A water moccasin (Lair:6)
  A hydra simulacrum (Swamp:4)
  5 orc warriors
  A porcupine (Lair:4)
  4 black bears (Lair:6)
  An ogre (Orc:2)
  3 ice beasts (D:15)
  A sky beast (D:13)
  3 swamp drakes
  7 wolves
  2 centaurs
  A crocodile (D:14)
  2 big kobolds
  3 bullfrogs
  5 gnoll sergeants (D:9)
  A wyvern zombie (D:14)
  6 wights
  4 electric eels
  A gnoll shaman (Orc:1)
  4 hounds (D:10)
  A draconian simulacrum (IceCv)
  7 orc priests
  4 jellies
  An orc wizard (Orc:2)
  5 gnolls
  2 shadow imps
  8 orcs
  A jackal (D:9)
  A quokka (D:10)
  8 kobolds
  2 fungi (Lair:6)
  5 plants
258 creatures vanquished.

Vanquished Creatures (others)
  An orc warlord (Orc:2)
  An orc high priest (Orc:2)
  13 orc knights
  An unseen horror (D:15)
  2 orc sorcerers
  A death drake zombie (Swamp:4)
  A blink frog (Swamp:4)
  A swamp worm (Swamp:4)
  14 orc priests
  A slave (D:9)
  13 orc warriors
  A centaur zombie (D:9)
  A hound (D:9)
  A centaur skeleton (D:10)
  11 orc wizards
  32 orcs
  A kobold (D:10)
  16 plants
  4 starspawn tentacles (Abyss:2)
116 creatures vanquished.

Grand Total: 1207 creatures vanquished

Notes
Turn   | Place    | Note
-------+----------+-------------------------------------------
     0 | D:1      | Curus the Hill Orc Fighter began the quest for the Orb.
     0 | D:1      | Reached XP level 1. HP: 19/19 MP: 1/1
    95 | D:1      | Reached XP level 2. HP: 24/26 MP: 2/2
   544 | D:1      | Reached XP level 3. HP: 31/31 MP: 3/3
  1104 | D:2      | Reached XP level 4. HP: 38/39 MP: 4/4
  1268 | D:2      | Noticed Terence
  1281 | D:2      | Killed Terence
  1281 | D:2      | Reached skill level 5 in Polearms
  1852 | D:3      | Found a faded altar of an unknown god.
  1870 | D:3      | Reached XP level 5. HP: 37/45 MP: 3/5
  2369 | D:4      | Noticed an ogre
  2376 | D:4      | Killed an ogre
  2376 | D:4      | Reached XP level 6. HP: 36/51 MP: 3/6
  2653 | D:4      | Found Qahi's Food Shop.
  2653 | D:4      | Noticed a water moccasin
  2699 | D:4      | Killed a water moccasin
  2699 | D:4      | Reached XP level 7. HP: 44/57 MP: 4/7
  3009 | D:4      | Became a worshipper of Beogh the Brigand
  3349 | D:5      | Entered Level 5 of the Dungeon
  3506 | D:5      | Found a staircase to the Ecumenical Temple.
  3717 | D:5      | Reached XP level 8. HP: 64/64 MP: 8/8
  3803 | D:5      | Reached skill level 10 in Polearms
  4030 | D:5      | Found a blossoming altar of Fedhas.
  4234 | D:6      | Reached * piety under Beogh
  4554 | D:6      | Reached XP level 9. HP: 70/70 MP: 9/9
  4995 | D:6      | Found Qael's Armour Emporium.
  5317 | D:7      | Noticed Dowan
  5318 | D:7      | Noticed Duvessa
  5343 | D:7      | Killed Duvessa
  5343 | D:7      | Reached ** piety under Beogh
  5350 | D:7      | Killed Dowan
  5496 | D:7      | Noticed Harold
  5519 | D:7      | Killed Harold
  5519 | D:7      | Reached XP level 10. HP: 56/77 MP: 6/10
  5628 | D:7      | Noticed Prince Ribbit
  5652 | D:7      | Reached skill level 4 in Fighting
  5706 | D:7      | Killed Prince Ribbit
  5834 | D:7      | Reached skill level 5 in Fighting
  6200 | D:8      | Noticed Elvor's ghost (novice MiFi)
  6211 | D:8      | Found a transporter.
  6271 | D:8      | Found an opulent altar of Gozag.
  6271 | D:8      | Found a hide-covered altar of Uskayaw.
  6279 | D:8      | Found a glowing golden altar of the Shining One.
  6279 | D:8      | Found a snail-covered altar of Cheibriados.
  6470 | D:8      | Reached skill level 5 in Armour
  6844 | D:8      | Found a transporter.
  6967 | D:9      | Found a burning altar of Makhleb.
  6968 | D:9      | Found an ancient bone altar of Kikubaaqudgha.
  7053 | D:9      | Noticed Pikel
  7072 | D:9      | Killed Pikel
  7072 | D:9      | Reached skill level 6 in Fighting
  7174 | D:9      | Reached skill level 7 in Fighting
  7327 | D:9      | Reached skill level 8 in Fighting
  7375 | D:9      | Reached *** piety under Beogh
  7411 | D:9      | Reached XP level 11. HP: 74/95 MP: 8/11
  7802 | D:9      | Found a staircase to the Orcish Mines.
  7806 | D:9      | Reached skill level 9 in Fighting
  8217 | D:10     | Entered Level 10 of the Dungeon
  8217 | D:10     | Noticed a green ugly thing
  8232 | D:10     | Killed a green ugly thing
  8757 | D:10     | Reached **** piety under Beogh
  8761 | D:10     | Noticed Fannar
  8773 | D:10     | Killed Fannar
  8782 | D:10     | Found a staircase to the Lair.
  8793 | D:10     | Gained Bogfrid as an ally
  8794 | D:10     | Reached skill level 10 in Fighting
  8905 | D:6      | Bought a +3 plate armour of poison resistance for 504 gold
                  | pieces
  9087 | D:8      | Killed Elvor's ghost
  9416 | Lair:1   | Entered Level 1 of the Lair of Beasts
  9481 | Lair:1   | Reached skill level 5 in Shields
  9679 | Lair:1   | Reached XP level 12. HP: 49/107 MP: 12/12
 10533 | Lair:2   | Reached skill level 1 in Evocations
 10577 | Lair:2   | Noticed Sonja
 10582 | Lair:2   | Noticed Sonja
 10582 | Lair:2   | Sonja changed into Sonja the warg
 10592 | Lair:2   | Killed Sonja the warg
 11632 | Lair:2   | Found a staircase to the Swamp.
 11854 | Lair:3   | Reached ***** piety under Beogh
 11909 | Lair:3   | Noticed a five-headed hydra
 11936 | Lair:3   | Killed a five-headed hydra
 12110 | Lair:3   | Reached skill level 5 in Evocations
 12183 | Lair:3   | Noticed a catoblepas
 12201 | Lair:3   | Killed a catoblepas
 12201 | Lair:3   | Reached skill level 10 in Shields
 12222 | Lair:3   | Identified a scroll of acquirement
 12222 | Lair:3   | Acquired a +1 demon trident of electrocution
 12552 | Lair:3   | Found a staircase to the Snake Pit.
 12975 | Lair:4   | Gained Wardok as an ally
 12975 | Lair:4   | Your ally Wardok died
 12979 | Lair:4   | Reached skill level 10 in Armour
 13085 | Lair:4   | Reached skill level 11 in Fighting
 13091 | Lair:4   | Reached XP level 13. HP: 106/116 MP: 18/18
 13121 | Lair:4   | Gained mutation: You have large cloven feet. [potion of
                  | mutation]
 13121 | Lair:4   | Gained mutation: Your system is resistant to poisons.
                  | (rPois) [potion of mutation]
 13121 | Lair:4   | Gained mutation: You are partially covered in yellow
                  | scales. (AC +2) [potion of mutation]
 13121 | Lair:4   | Gained mutation: You evolve. [potion of mutation]
 13634 | Lair:5   | Found a staircase to the Slime Pits.
 13678 | Lair:5   | Gained Morun as an ally
 14264 | Lair:6   | Entered Level 6 of the Lair of Beasts
 14323 | Lair:6   | Reached skill level 12 in Fighting
 14606 | Lair:6   | Found a runed translucent door.
 14606 | Lair:6   | Noticed an ice dragon
 14663 | Lair:6   | Reached skill level 13 in Fighting
 14695 | Lair:6   | Reached ****** piety under Beogh
 15219 | Lair:6   | Reached XP level 14. HP: 105/130 MP: 19/19
 15264 | Lair:6   | Reached skill level 14 in Fighting
 16238 | D:11     | Found a transporter.
 16238 | D:11     | Noticed Baduid's ghost (journeyman TrMo)
 16239 | D:11     | Found a transporter.
 16919 | D:11     | Noticed Erolcha
 16922 | D:11     | Cast into level 1 of the Abyss (Erolcha)
 17069 | Abyss:2  | Gained Ugbert as an ally
 17069 | Abyss:2  | Gained Bogdar as an ally
 17069 | Abyss:2  | Gained Norbak as an ally
 17103 | Abyss:2  | Your ally Bogdar died
 17226 | Abyss:2  | Noticed a tentacled starspawn
 17235 | Abyss:2  | Killed a tentacled starspawn
 17235 | Abyss:2  | Reached skill level 15 in Fighting
 17338 | Abyss:2  | Noticed a tentacled starspawn
 17351 | Abyss:2  | Killed a tentacled starspawn
 17353 | D:11     | Escaped the Abyss
 17375 | D:11     | Killed Erolcha
 17647 | D:11     | Killed Baduid's ghost
 17926 | D:12     | Identified the +4 ring mail of Damp Life {rC+}
 18330 | D:12     | Found Veco's Antique Armour Boutique.
 18622 | D:12     | Found a portal to a secret trove of treasure.
 18747 | D:13     | Gained Oruk as an ally
 18896 | D:13     | Found a gate to the Vaults.
 18896 | D:13     | Noticed an ironheart preserver
 18896 | D:13     | Noticed Snorg
 18916 | D:13     | Killed an ironheart preserver
 18918 | D:13     | Killed Snorg
 18918 | D:13     | Reached skill level 16 in Fighting
 18918 | D:13     | Reached XP level 15. HP: 84/144 MP: 20/20
 18959 | D:13     | Reached skill level 15 in Armour
 19035 | D:13     | Gained Norbak as an ally
 19116 | D:13     | Noticed Nessos
 19129 | D:13     | Killed Nessos
 19779 | D:14     | Found a glowing golden altar of the Shining One.
 19814 | D:14     | Gained Alork as an ally
 20469 | D:15     | Entered Level 15 of the Dungeon
 20506 | D:15     | Found a staircase to the Depths.
 20506 | D:15     | Noticed a fire giant
 20512 | D:15     | Your ally Alork died
 20515 | D:15     | Killed a fire giant
 20622 | D:15     | Reached skill level 17 in Fighting
 20687 | D:15     | Gained Wardok as an ally
 20703 | D:15     | Found a frozen archway.
 20740 | IceCv    | Entered an ice cave
 21006 | IceCv    | Found an ancient bone altar of Kikubaaqudgha.
 21259 | IceCv    | Gained Herok as an ally
 21288 | IceCv    | Your ally Herok died
 21867 | D:15     | Found Ofun's Armour Shop.
 21875 | D:15     | Bought the +2 pair of boots of Becka {Dex+3} for 472 gold
                  | pieces
 22633 | Orc:1    | Entered Level 1 of the Orcish Mines
 22907 | Orc:2    | Entered Level 2 of the Orcish Mines
 22949 | Orc:2    | Found a staircase to the Elven Halls.
 22960 | Orc:2    | Gained Grimold as an ally
 23034 | Orc:1    | Found a runed translucent gate.
 23034 | Orc:1    | Found a runed translucent gate.
 23036 | Orc:1    | Found a runed translucent gate.
 23036 | Orc:1    | Found an opulent altar of Gozag.
 23056 | Orc:1    | Noticed Delamore's ghost (journeyman GrFi)
 23059 | Orc:1    | Found Pikhiar's Assorted Antiques.
 23126 | Orc:1    | Killed Delamore's ghost
 23155 | Orc:1    | Bought a glowing helmet for 225 gold pieces
 23155 | Orc:1    | Bought a scroll of enchant armour for 225 gold pieces
 23292 | Orc:2    | Noticed an orc warlord
 23329 | Orc:2    | Gained Norbak as an ally
 23560 | Orc:2    | Found Kuegha's General Store.
 23561 | Orc:2    | Found Pyasch's Jewellery Emporium.
 23563 | Orc:2    | Found Mufut's Antique Armour Emporium.
 23563 | Orc:2    | Found Lupromogh's Antique Weapon Shoppe.
 23569 | Orc:2    | Bought the ring "Ene Wil" {rElec rC+ Str+4 Dex+9 Stlth-}
                  | for 843 gold pieces
 23958 | D:10     | Got a shimmering plate armour
 23969 | D:10     | Identified the +7 plate armour of Kindness {Dex+2} (You
                  | found it on level 10 of the Dungeon)
 24148 | Swamp:1  | Entered Level 1 of the Swamp
 24153 | Swamp:1  | Reached XP level 16. HP: 157/157 MP: 21/21
 24162 | Swamp:1  | Reached skill level 18 in Fighting
 24571 | Swamp:1  | Gained mutation: Your mind is acute. (Int +2) [evolution]
 25019 | Swamp:2  | Your ally Ugbert died
 26697 | Orc:2    | Bought an uncursed ring of resist corrosion for 260 gold
                  | pieces
 27103 | Snake:1  | Entered Level 1 of the Snake Pit
 27577 | Snake:1  | You fall into a shaft and drop 1 floor!
 28117 | Snake:1  | Identified Roxanne's Tome of Shape Shifting
 28117 | Snake:1  | Noticed Roxanne
 28192 | Snake:2  | Found Ungodgh's Antique Weapon Shop.
 28218 | Snake:1  | Killed Roxanne
 28225 | Snake:1  | Found Cudegyj's Gadget Boutique.
 28225 | Snake:1  | Found Umoil's Jewellery Shoppe.
 28226 | Snake:1  | Found Muopp's Jewellery Shoppe.
 28236 | Snake:1  | Bought a cursed amulet of inaccuracy for 34 gold pieces
 28693 | Snake:2  | Reached XP level 17. HP: 166/166 MP: 23/23
 29222 | Snake:3  | Your ally Norbak died
 29224 | Snake:3  | Your ally Norbak died
 29228 | Snake:3  | Gained Warbeogh as an ally
 29241 | Snake:3  | Gained Orik as an ally
 29260 | Snake:3  | Your ally Orik died
 29296 | Snake:2  | HP: 8/166 [poisoned by a naga mage (bolt of poison)]
 29301 | Snake:2  | HP: 4/166 [poisoned by a naga mage (bolt of poison)]
 29306 | Snake:2  | HP: 3/166 [poisoned by a naga mage (bolt of poison)]
 29311 | Snake:2  | HP: 3/166 [poisoned by a naga mage (bolt of poison)]
 29316 | Snake:2  | HP: 4/166 [poisoned by a naga mage (bolt of poison)]
 29321 | Snake:2  | HP: 6/166 [poisoned by a naga mage (bolt of poison)]
 30095 | Snake:3  | Reached skill level 10 in Evocations
 30182 | Snake:3  | Got a bloodstained ring mail
 30350 | Snake:3  | Got an ancient tin ring
 30352 | Snake:3  | Identified the ring "Xuwk" {Ice +Inv rElec Str-3 Slay+2}
                  | (You found it on level 3 of the Snake Pit)
 30710 | Snake:1  | Gained mutation: You possess an exceptional clarity of
                  | mind. [evolution]
 30726 | Lair:3   | Identified the +6 ring mail of Oggedgh Rois {rN+++ Str-2}
                  | (You found it on level 3 of the Snake Pit)
 31114 | Orc:2    | Bought a runed plate armour for 728 gold pieces
 31365 | D:12     | You paid a toll of 13 scrolls of teleportation to enter a
                  | treasure trove
 31366 | Trove    | Entered a treasure trove
 31406 | Trove    | Identified Sif Muna's Almanac of Arcane Weapons
 31425 | Trove    | Reached XP level 18. HP: 174/174 MP: 25/25
 31852 | Swamp:4  | Entered Level 4 of the Swamp
 31863 | Swamp:4  | Reached skill level 19 in Fighting
 31913 | Swamp:4  | Gained Milork as an ally
 31924 | Swamp:4  | Your ally Grimold died
 31938 | Swamp:4  | Gained Nordag as an ally
 31942 | Swamp:4  | Your ally Morun died
 31965 | Swamp:4  | Paralysed by a hornet for 1 turns
 31972 | Swamp:4  | Your ally Nordag died
 31986 | Swamp:4  | Your ally Milork died
 32011 | Swamp:4  | HP: 12/264 [seven-headed hydra simulacrum (6)]
 32011 | Swamp:4  | HP: 4/264 [seven-headed hydra simulacrum (8)]
 32011 | Swamp:4  | Slain by a seven-headed hydra simulacrum

Illustrated notes

Levels and vault maps discovered:
D:1:      evilmike_arrival_plus, layout_basic
D:2:      layout_loops_ring, uniq_terence
D:3:      layout_loops_ring, chequers_ecumenical_altar_island,
          due_unseen_surprise
D:4:      layout_loops_ring, first_ration, kennysheep_windowed_goal
D:5:      layout_basic, minmay_temple_entry_statues_fountains, basic_altar
D:6:      layout_loops_ring, serial_shops, shop, minmay_ruffians
D:7:      layout_rooms, uniq_prince_ribbit1, uniq_harold, uniq_duvessa
D:8:      layout_basic, gammafunk_temple_overflow_wave,
          gammafunk_temple_overflow_elements, gammafunk_ghost_hive,
          hangedman_little_slice_of_home
D:9:      layout_irregular_city, grunt_temple_overflow_open,
          kennysheep_orc_monster_closet_entryway, uniq_pikel
D:10:     layout_basic, erik_lair_island, uniq_fannar
D:11:     layout_loops_corners, gammafunk_ghost_mausoleum, uniq_erolcha
D:12:     layout_loops_corners, serial_shops, shop, enter_trove_0
D:13:     layout_basic, skrybe_vaults_entry_preservation, uniq_nessos,
          uniq_snorg
D:14:     layout_irregular_city, tso_metal_star
D:15:     grunt_enter_depths_giant_problem, layout_long_grid, serial_shops,
          shop_fountains, chequers_serial_rivers_small_3, serial_ice,
          serial_ice_b, serial_ice_o, serial_ice_j, serial_ice_f, serial_ice_c,
          serial_ice_m, portal_ice_cave_entry_animals_and_master
Lair:1:   layout_loops_ring, st_stairs_6, serial_bayou_shore_b,
          grunt_megastairs_3
Lair:2:   layout_cave_pods, nicolae_swamp_entry_splash_gauntlet,
          infiniplex_staircase_pool, grunt_megastairs_1, serial_bayou_shore_a,
          uniq_sonja
Lair:3:   layout_long_grid, minmay_snake_entry_guardpost_small,
          minmay_lair_oklob_chamber
Lair:4:   layout_misc_corridors
Lair:5:   layout_gridlike, minmay_slime_entry_jelly_boxes, grunt_megastairs_2
Lair:6:   hangedman_lair_caniforms_friends, layout_loops_ring, wormcave
Swamp:1:  layout_basic_swamp, hangedman_swamp_ruin_wall
Swamp:2:  layout_basic_swamp, evilmike_swamp_ruin_house_6
Swamp:3:  layout_falls_marsh, evilmike_swamp_ruin_rubble_2
Swamp:4:  byrel_swamp_growth_death_and_undeath, layout_basic_swamp
Snake:1:  layout_misc_corridors, minmay_shop_grove, uniq_roxanne
Snake:2:  layout_chambers, serial_shops, nicolae_shop_statue_plus
Snake:3:  kennysheep_snake, layout_misc_corridors, st_stairs_4, abandoned_shop,
          drop_trap
Orc:1:    layout_caves, ebering_ghost_gozag
Orc:2:    st_orc_congregation, layout_caves

Skill      XL: |  1  2  3  4  5  6  7  8  9 10 11 12 13 14 15 16 17 18 |
---------------+-------------------------------------------------------+-----
Polearms       | 3 4 5 6 8 9 12 14 | 14.4
Fighting       | 8 10 11 13 16 17 18 19 | 19.3
Armour         | 7 9 10 12 14 16 17 18 | 18.0
Shields        | 7 10 11 14 | 14.5
Evocations     | 6 8 10 | 10.0

Action                   |  1- 3 |  4- 6 |  7- 9 | 10-12 | 13-15 | 16-18 || total
-------------------------+-------+-------+-------+-------+-------+-------++-------
Melee: Trident           |   135 |   136 |   423 |   843 |       |       ||  1537
       Demon trident     |       |       |       |    69 |  1367 |   816 ||  2252
Invok: Convert to Beogh  |       |       |     1 |       |       |       ||     1
       Recall Orcish Fol |       |       |       |     1 |       |       ||     1
       Give Item to Name |       |       |       |       |     1 |     2 ||     3
Evoke: Wand              |       |       |       |     2 |     2 |     2 ||     6
  Use: Scroll            |     3 |     5 |     2 |    11 |     8 |     8 ||    37
       Potion            |     2 |     5 |     1 |     4 |     3 |     5 ||    20
 Stab: Paralysed         |       |       |       |       |     4 |     1 ||     5
       Distracted        |       |       |       |       |     6 |    12 ||    18
       Invisible         |       |       |       |       |       |     2 ||     2
  Eat: Chunk             |     1 |     5 |    10 |    14 |    19 |    10 ||    59
       Ration            |       |       |       |     3 |     6 |     5 ||    14
Armor: Scale mail        |    91 |     5 |       |       |       |       ||    96
       Chain mail        |       |    52 |    98 |       |       |       ||   150
       Plate armour      |       |       |    37 |   356 |   482 |   304 ||  1179
Dodge: Dodged            |    50 |    43 |    93 |   216 |   259 |    96 ||   757
       Repelled          |       |       |       |     1 |    28 |    18 ||    47
Block: Kite shield       |    72 |    51 |   162 |   340 |   554 |   434 ||  1613
